 Dungeon Crawl Stone Soup version 0.31.0-11-ge490571c62 (webtiles) character file.

Game seed: 53318090638869185

633 hikkokomori the Shooter (level 7, -1/46 (56) HPs)
             Began as a Formicid Hunter on Feb 1, 2024.
             Slain by Duvessa
             ... wielding a +2 short sword of draining
              (12 damage)
             ... on level 5 of the Dungeon.
             The game lasted 00:04:46 (3832 turns).

hikkokomori the Shooter (Formicid Hunter)           Turns: 3832, Time: 00:04:46

HP:   -1/46 (56)    AC:  5    Str: 16    XL:     7   Next: 78%
MP:   10/10         EV: 12    Int: 16    God:
Gold: 206           SH:  0    Dex: 19    Spells: 7/10 levels left

rFire   . . .        a - +0 shortbow
rCold   . . .        (no shield)
rNeg    . . .        h - +2 leather armour of Temihopp {Int+8}
rPois   .            (helmet unavailable)
rElec   .            s - scarf {harm}
rCorr   .            (no gloves)
SInv    +            (no boots)
Will    .....        (no amulet)
Stlth   +++          (no ring)
HPRegen 0.27/turn    (no ring)
MPRegen 0.12/turn

%: harm (+30% outgoing, +20% incoming)
@: heavily drained
A: permanent stasis, dig shafts and tunnels, antennae 3, four strong arms, claws
1, hooves 1
a: Dig, Shaft Self


You were on level 5 of the Dungeon.
You visited 1 branch of the dungeon, and saw 5 of its levels.

You collected 206 gold pieces.

Inventory:

Hand Weapons
 a - a +0 shortbow (weapon)
Armour
 c - a +0 leather armour
 h - the +2 leather armour of Temihopp (worn) {Int+8}
   (You found it on level 2 of the Dungeon)

   Int+8:     It affects your intelligence (+8).
 s - a scarf of harm (worn)
Magical Staves
 i - a staff of cold
Wands
 u - a wand of charming (3)
Scrolls
 b - a scroll of butterflies
 e - 7 scrolls of identify {unknown}
 f - a scroll of revelation {unknown}
 j - 2 scrolls of teleportation {unknown}
 n - a scroll of fog {unknown}
 q - a scroll of poison {unknown}
 r - a scroll of amnesia {unknown}
 t - a scroll of enchant armour {unknown}
Potions
 d - a potion of haste {unknown}
 g - 2 potions of magic {unknown}
 k - 2 potions of mutation
 l - a potion of heal wounds {unknown}
 m - 2 potions of invisibility {unknown}
 o - 2 potions of curing {unknown}
 p - a potion of brilliance {unknown}


   Skills:
 + Level 5.1 Fighting
 + Level 5.9 Ranged Weapons
 - Level 1.7 Dodging
 - Level 4.4 Stealth
 + Level 2.2 Spellcasting
 + Level 2.7 Hexes


You had 7 spell levels left.
You knew the following spells:

 Your Spells              Type           Power      Damage    Failure   Level
a - Tukima's Dance        Hex            10%        N/A       24%         3

Your spell library contained the following spells:

 Spells                   Type           Power      Damage    Failure   Level
 Static Discharge         Conj/Air       2%         3-4/arc   36%         2
 Stone Arrow              Conj/Erth      2%         3d7       58%         3
 Dimensional Bullseye     Hex/Tloc       3%         N/A       80%         4
 Airstrike                Air            0%         2d(1-17)  94%         4
 Animate Armour           Summ/Erth      2%         N/A       94%         4
 Iskenderun's Mystic Bla  Conj/Tloc      1%         2d3       94%         4
 Summon Lightning Spire   Summ/Air       1%         N/A       94%         4
 Lehudib's Crystal Spear  Conj/Erth      0%         10d2      100%        8


Dungeon Overview and Level Annotations

Branches:
Dungeon (5/15)
 Temple: D:4-7

Altars:
Dithmenos
Hepliaklqana
Makhleb

Shops:
D:5 *

Annotations:
D:5 Dowan, Duvessa


Innate Abilities, Weirdness & Mutations

You cannot be hasted, slowed, berserked, paralysed or teleported.
You can dig through walls and to a lower floor.
You have a pair of large antennae on your head. (SInv)
Your four strong arms can wield two-handed weapons with a shield.
You have sharp fingernails.
You have large cloven feet.


Message History

Duvessa closely misses you.
You shoot an arrow.
The arrow hits Duvessa but does no damage.
Duvessa is lightly wounded.
Duvessa hits you with a +2 short sword of draining.
You feel drained.
Aiming: Charm
Press: ? - help, Shift-Dir - straight line, f - Dowan, p - Duvessa
Aim: Dowan, wielding a +0 dagger and wearing a +0 robe (chance to affect: 49%) Dowan resists with some effort.
Duvessa hits you with a +2 short sword of draining.
You feel drained.
Unknown command.
Unknown command.
Aiming: Charm
Press: ? - help, Shift-Dir - straight line, f/p - Dowan
Aim: Dowan, wielding a +0 dagger and wearing a +0 robe (chance to affect: 49%) Dowan is charmed.
Duvessa hits you with a +2 short sword of draining!
You feel drained.
Unknown command.
Unknown command.
You shoot an arrow. The arrow closely misses Duvessa.
Duvessa hits you with a +2 short sword of draining.
You feel drained.
Dowan closely misses Duvessa.
Unknown command.
You shoot an arrow.
The arrow hits Duvessa but does no damage.
Duvessa is lightly wounded.
Duvessa hits you with a +2 short sword of draining.
* * * LOW HITPOINT WARNING * * *
You feel drained.
* * * LOW HITPOINT WARNING * * *
Dowan casts a spell.
Dowan blinks!
Unknown command.
It was a potion of mutation.
You feel extremely strange.
Your fingernails lengthen.
Your feet thicken and deform.
Duvessa hits you with a +2 short sword of draining!
You die...

.###............
..#......##........
...........(......#
#.................#
....#.............##. ......
.##.........##... .....#...
..#.........#...##.....#..#
..........###....##.##....##
#.#.......# #...@e.........#
..#.......###....ยง..e#.....#
..#..##.........##..##....#
..#..........)..##.......#
...........##....#..#...##
..#....#...###.....###.##
..##....#### ####...# ##
.###....# #...# ## ##...#
#...#


You could see Duvessa (ally target) and the friendly Dowan (charmed).

Vanquished Creatures
  An ogre (D:5)
  The ghost of mitya21 the Changeling, an amateur OpSh (D:3)
  2 phantoms (D:5)
  A bombardier beetle (D:3)
  A jelly (D:5)
  2 hounds (D:5)
  Natasha (D:2)
  2 orc wizards
  2 adders
  A white imp (D:3)
  4 dart slugs
  A ribbon worm (D:3)
  9 orcs
  9 ball pythons
  8 bats
  12 endoplasms
  A giant cockroach (D:3)
  7 goblins
  7 hobgoblins
  A jackal (D:2)
  7 kobolds
  4 quokkas
  6 frilled lizards
  3 rats
93 creatures vanquished.

Notes
Turn   | Place    | Note
-------+----------+-------------------------------------------
     0 | D:1      | hikkokomori the Formicid Hunter began the quest for the
                  | Orb.
     0 | D:1      | Reached XP level 1. HP: 16/16 MP: 1/1
    62 | D:1      | Reached XP level 2. HP: 23/23 MP: 2/2
   234 | D:1      | Reached XP level 3. HP: 28/28 MP: 3/3
   704 | D:2      | Identified the +2 leather armour of Temihopp {Int+8}
   794 | D:2      | Reached XP level 4. HP: 35/35 MP: 4/4
  1528 | D:2      | Noticed Natasha
  1535 | D:2      | Killed Natasha
  1740 | D:3      | Reached XP level 5. HP: 37/41 MP: 5/5
  1990 | D:3      | Found a burning altar of Makhleb.
  2004 | D:3      | Found a faded altar of an unknown god.
  2117 | D:3      | Found a shadowy altar of Dithmenos.
  2118 | D:3      | Found a hazy altar of Hepliaklqana.
  2122 | D:3      | Noticed a shadow
  2169 | D:3      | Found a runed translucent door.
  2169 | D:3      | Noticed mitya21's ghost (amateur OpSh)
  2216 | D:3      | Reached skill level 5 in Ranged Weapons
  2612 | D:3      | Killed mitya21's ghost
  2613 | D:3      | Reached XP level 6. HP: 10/48 MP: 6/6
  3080 | D:4      | Learned a level 3 spell: Tukima's Dance
  3173 | D:4      | Noticed an orc warrior
  3257 | D:4      | You fall into a shaft and drop 1 floor!
  3257 | D:5      | Entered Level 5 of the Dungeon
  3375 | D:5      | Reached skill level 1 in Hexes
  3453 | D:5      | Reached skill level 1 in Spellcasting
  3453 | D:5      | Reached XP level 7. HP: 20/55 MP: 8/8
  3614 | D:5      | Found Wonafylo's Gadget Gallery.
  3728 | D:5      | Reached skill level 5 in Fighting
  3806 | D:5      | Noticed Duvessa
  3806 | D:5      | Noticed Dowan
  3832 | D:5      | Gained mutation: You have sharp fingernails. [potion of
                  | mutation]
  3832 | D:5      | Gained mutation: You have large cloven feet. [potion of
                  | mutation]
  3832 | D:5      | Slain by Duvessa

Illustrated notes

Levels and vault maps discovered:
D:1:      roderic_crossed_star, layout_basic, minmay_octomino_j4
D:2:      layout_basic, minmay_circle_x, uniq_natasha
D:3:      layout_loops_ring, riverfiend_overflow_shadow_ancestor,
          mainiacjoe_overflow_six_doors_small,
          hellmonk_ecumenical_altar_slurped_away, hellmonk_ghost_happy_afterlife
D:4:      layout_loops_cross, general_overflow_altar, serial_co_window_serial,
          co_window_paths_a, co_window_paths_b, co_window_corner_a,
          co_window_corner_a, co_window_corner_a, co_window_paths_a,
          co_window_paths_b, co_window_corner_cb, co_window_broadway_a,
          co_window_unsneaky_path_c, co_window_corner_b, co_window_corner_ca,
          co_window_sun, co_window_paths_d, glass_columns_c, glass_columns_c,
          glass_columns_b, glass_columns_a, serial_park_tiny_pond,
          skrybe_limestone_x, dreamdust_princess_bridge
D:5:      layout_cave_pools, mainiacjoe_overflow_concentric_impassable,
          mainiacjoe_overflow_alcove_2, serial_shops,
          nicolae_shop_competitors_out_of_business, nicolae_shop_gadgets,
          uniq_duvessa

Skill      XL: |  1  2  3  4  5  6  7 |
---------------+----------------------+-----
Stealth        | 2 3 4 |  4.4
Fighting       | 3 4 5 |  5.1
Ranged Weapons | 5 |  5.9
Hexes          | 1 2 |  2.7
Spellcasting   | 1 2 |  2.2
Dodging        | |  1.7

Action                     |  1- 3 |  4- 6 |  7- 9 || total
---------------------------+-------+-------+-------++-------
   Fire: Shortbow          |    69 |   228 |    40 ||   337
Ability: Shaft Self        |       |     1 |       ||     1
  Evoke: Wand              |       |       |     2 ||     2
    Use: Potion            |       |       |     1 ||     1
 Armour: Leather armour    |     2 |    86 |    12 ||   100
  Dodge: Dodged            |     6 |    83 |     6 ||    95
